 Dungeon Crawl Stone Soup version 0.30.0-29-ga12c61a403 (webtiles) character file.

Game seed: 16355468740197596069

265 seaoflcl the Chopper (level 5, -5/47 HPs)
             Began as a Minotaur Fighter on June 9, 2023.
             Slain by a wyvern (8 damage)
             ... on level 4 of the Dungeon.
             The game lasted 00:01:56 (2802 turns).

seaoflcl the Chopper (Minotaur Fighter)             Turns: 2802, Time: 00:02:00

Health: -5/47      AC:  7    Str: 22    XL:     5   Next: 99%
Magic:  4/4        EV:  9    Int:  5    God:
Gold:   205        SH:  4    Dex: 10    Spells: 4/4 levels left

rFire   . . .        a - +0 war axe
rCold   . . .        c - +0 buckler
rNeg    . . .        b - +0 scale mail
rPois   +            (helmet restricted)
rElec   +            w - scarf {shadows}
rCorr   .            (no gloves)
SInv    .            (no boots)
Will    +....        (no amulet) Stlth
                     l - ring of poison resistance
HPRegen 0.27/turn    (no ring)
MPRegen 0.09/turn

%: random rage (3%)
@: no status effects
A: horns 2, retaliatory headbutt, berserk 1, strong-willed 1, poison resistance,
electricity resistance
a: no special abilities


You were on level 4 of the Dungeon.
You visited 1 branch of the dungeon, and saw 4 of its levels.

You collected 205 gold pieces.

Inventory:

Hand Weapons
 a - a +0 war axe (weapon)
Armour
 b - a +0 scale mail (worn)
 c - a +0 buckler (worn)
 w - a scarf of shadows (worn)
Jewellery
 l - a ring of poison resistance (left hand)
 v - a ring of wizardry
Scrolls
 h - a scroll of magic mapping {unknown}
 k - a scroll of brand weapon {unknown}
 m - a scroll of vulnerability {unknown}
 n - a scroll of acquirement {unknown}
 p - a scroll of enchant weapon {unknown}
 s - 2 scrolls of enchant armour {unknown}
 t - a scroll of fear {unknown}
 u - a scroll of identify {unknown}
 x - a scroll of immolation {unknown}
Potions
 d - 2 potions of might
 e - 2 potions of brilliance {unknown}
 f - 2 potions of heal wounds {unknown}
 g - a potion of degeneration {unknown}
 i - a potion of mutation
 j - a potion of berserk rage {unknown}
 o - a potion of attraction {unknown}
 q - a potion of resistance {unknown}
 r - a potion of flight {unknown}


   Skills:
 + Level 4.8 Fighting
 * Level 5.1 Axes
 + Level 4.8 Armour
 + Level 4.8 Shields


You had 4 spell levels left.
You didn't know any spells.
Your spell library contained the following spells:

 Spells                   Type           Power      Damage    Failure   Level
 Anguish                  Hex/Necr       0%         N/A       100%        4
 Cause Fear               Hex            0%         N/A       100%        4
 Enfeeble                 Hex            0%         N/A       100%        7


Dungeon Overview and Level Annotations

Branches:
Dungeon (4/15)
 Temple: D:4-7

Altars:
Dithmenos
Gozag

Annotations:
D:4 Eustachio


Innate Abilities, Weirdness & Mutations

You have a pair of horns on your head.
You reflexively headbutt those who attack you in melee.
You sometimes lose your temper in combat.
You are strong-willed. (Will+)
Your system is resistant to poisons. (rPois)
You are resistant to electric shocks. (rElec)


Message History

No target in view!
No target in view!
No target in view!
No target in view!
HP restored.
You now have 205 gold pieces (gained 2).
A wyvern comes into view.
The wyvern hisses angrily.
Eustachio the Magnificent comes into view.
He is wielding a +1 falchion of holy wrath.
There are monsters nearby!
There are monsters nearby!
Found a scroll labelled HUOCUNG OGEWK.
Eustachio shouts!
The wyvern attacks as you move away! The wyvern bites you!
Eustachio casts a spell.
Eustachio blinks!
The wyvern bites you but does no damage.
You closely miss the wyvern. You headbutt the wyvern!
The wyvern is heavily wounded.
The wyvern closely misses you. The wyvern bites you!
You hit the wyvern.
The wyvern is heavily wounded.
An adder comes into view.
The wyvern barely misses you. The wyvern bites you!
* * * LOW HITPOINT WARNING * * *
You slash the wyvern!
The wyvern is almost dead.
The wyvern bites you!
* * * LOW HITPOINT WARNING * * *
The wyvern bites you.
* * * LOW HITPOINT WARNING * * *
Eustachio mumbles some strange words.
Eustachio blinks!
It was a potion of mutation.
You feel extremely strange.
You feel strong-willed.
You feel a little pissed off.
You feel resistant to poisons.
You feel insulated. The wyvern bites you.
* * * LOW HITPOINT WARNING * * *
The wyvern bites you!
You die...

...#..# #.♣............
...#..## #..............
....#..# ###.....§.........
....#..####....♣............
....##..##.....♣.......#....
....###........♣......## ..
.... #........♣..S..## .
##............##
#........@l.##
###.....÷_..## #..........##
#<.........# #........♣.#
##.......♣.# ###.....♣.#
##..#.♣.# ...#..


You could see a wyvern and an adder.

Vanquished Creatures
  A phantom (D:4)
  A scorpion (D:4)
  A jelly (D:3)
  An orc wizard (D:3)
  2 adders
  A dart slug (D:2)
  2 orcs (D:3)
  6 ball pythons
  2 bats
  6 endoplasms
  7 giant cockroaches
  3 goblins
  7 hobgoblins
  5 quokkas
  2 frilled lizards
  5 kobolds
  3 rats
55 creatures vanquished.

Notes
Turn   | Place    | Note
-------+----------+-------------------------------------------
     0 | D:1      | seaoflcl the Minotaur Fighter began the quest for the Orb.
     0 | D:1      | Reached XP level 1. HP: 19/19 MP: 0/0
   182 | D:1      | Reached XP level 2. HP: 25/27 MP: 1/1
   435 | D:1      | Reached skill level 3 in Axes
  1235 | D:2      | Reached XP level 3. HP: 33/33 MP: 2/2
  1449 | D:2      | Found a faded altar of an unknown god.
  1706 | D:3      | Reached XP level 4. HP: 27/40 MP: 3/3
  1775 | D:3      | Reached skill level 4 in Axes
  2043 | D:3      | Found a shadowy altar of Dithmenos.
  2520 | D:4      | Found an opulent altar of Gozag.
  2524 | D:4      | Noticed a scorpion
  2534 | D:4      | Killed a scorpion
  2535 | D:4      | Reached XP level 5. HP: 23/47 MP: 4/4
  2737 | D:4      | Noticed a phantom
  2748 | D:4      | Killed a phantom
  2749 | D:4      | Reached skill level 5 in Axes
  2792 | D:4      | Noticed a wyvern
  2792 | D:4      | Noticed Eustachio
  2802 | D:4      | Gained mutation: You are strong-willed. (Will+) [potion of
                  | mutation]
  2802 | D:4      | Gained mutation: You sometimes lose your temper in combat.
                  | [potion of mutation]
  2802 | D:4      | Gained mutation: Your system is resistant to poisons.
                  | (rPois) [potion of mutation]
  2802 | D:4      | Gained mutation: You are resistant to electric shocks.
                  | (rElec) [potion of mutation]
  2802 | D:4      | Slain by a wyvern

Illustrated notes

Levels and vault maps discovered:
D:1:      doesnt_arrival_eight_statues, layout_basic
D:2:      minmay_chambers_of_twos, layout_basic, basic_ecumenical_altar
D:3:      layout_loops_ring, nicolae_dithmenos_the_darkroom
D:4:      layout_cave_pods, fedhas_altar_2, mainiacjoe_overflow_boulevard,
          uniq_eustachio

Skill      XL: |  1  2  3  4  5 |
---------------+----------------+-----
Axes           | 3 4 5 |  5.1
Fighting       | 4 |  4.8
Armour         | 4 |  4.8
Shields        | 4 |  4.8

Action                     |  1- 3 |  4- 6 || total
---------------------------+-------+-------++-------
  Melee: War axe           |    65 |    70 ||   135
         Headbutt          |     6 |    10 ||    16
    Use: Potion            |       |     1 ||     1
 Armour: Scale mail        |    31 |    32 ||    63
  Dodge: Dodged            |    22 |    19 ||    41
  Block: Buckler           |    12 |     9 ||    21
